 Dungeon Crawl Stone Soup version 0.27-a0-972-gd1521fd518 (webtiles) character file.

Game seed: 2115600876126262949

2 Froggeryz the Caller (level 1, -2/13 HPs)
             Began as a Barachi Wanderer on Apr 13, 2021.
             Slain by a kobold
             ... wielding a +0 short sword of holy wrath
              (3 damage)
             ... on level 1 of the Dungeon.
             The game lasted 00:00:24 (345 turns).

Froggeryz the Caller (Barachi Wanderer)              Turns: 345, Time: 00:00:25

Health: -2/13      AC:  2    Str: 14    XL:     1   Next: 30%
Magic:  3/3        EV:  8    Int: 12    God:
Gold:   10         SH:  8    Dex: 10    Spells: 4/4 levels left

rFire    . . .     SeeInvis .   (no weapon)
rCold    . . .     Faith    .   e - +0 kite shield
rNeg     . . .     Spirit   .   d - +0 robe
rPois    .         Reflect  .   (no helmet)
rElec    .         Harm     .   (no cloak)
rCorr    .         Rampage  .   (no gloves)
Will     .....                  (no boots)
Stlth    +.........             (no amulet)
HPRegen  0.04/turn              (no ring)
MPRegen  0.08/turn              (no ring)

@: slow
A: +LOS, amphibious, slowness 1, strong legs 1
a: Hop


You were on level 1 of the Dungeon.
You visited 1 branch of the dungeon, and saw 1 of its levels.

You collected 10 gold pieces.

Inventory:

Armour
 d - a +0 robe (worn)
 e - a +0 kite shield (worn)
Potions
 a - a potion of haste {unknown}


   Skills:
 - Level 2.1 Shields
 + Level 0.7 Unarmed Combat
 - Level 2.1 Spellcasting
 - Level 2.4 Summonings
 - Level 1.7 Necromancy
 - Level 1.2 Ice Magic
 - Level 1.1 Poison Magic


You had 4 spell levels left.
You didn't know any spells.
Your spell library contained the following spells:

 Spells                   Type           Power      Damage    Failure   Level
 Summon Small Mammal      Summ           28%        N/A       45%         1
 Sting                    Tmut/Pois      8%         1d3       73%         1
 Summon Guardian Golem    Hex/Summ       4%         N/A       94%         3
 Ignite Poison            Fire/Tmut/Pois 2%         N/A       98%         3


Dungeon Overview and Level Annotations

Branches:
Dungeon (1/15)

Altars:


Innate Abilities, Weirdness & Mutations

You can be seen from farther away. (+LOS)
You are amphibious.
You cover ground slowly.
You can hop short distances.


Message History

The endoplasm quivers.
You see here 23 stones.
An endoplasm is nearby!
An endoplasm is nearby!
The endoplasm hits you but does no damage.
The endoplasm hits you.
You hit the endoplasm.
The endoplasm is lightly wounded.
The endoplasm freezes you.
You are frozen.
You hit the endoplasm.
The endoplasm is heavily wounded.
The endoplasm hits you but does no damage.
You hit the endoplasm.
The endoplasm is almost dead.
You block the endoplasm's attack.
You barely miss the endoplasm.
The endoplasm is almost dead.
The endoplasm closely misses you.
You hit the endoplasm.
You kill the endoplasm!
No target in view!
a - a fuming yellow potion A rat and a kobold come into view.
The kobold is wielding a +0 short sword of holy wrath.
The kobold shouts!
There are monsters nearby!
You block the kobold's attack.
You barely miss the kobold. The kobold closely misses you.
Your shield prevents you from hitting the kobold.
You block the kobold's attack.
You hit the kobold.
The kobold is moderately wounded.
The kobold hits you with a +0 short sword of holy wrath.
You hit the kobold.
The kobold is heavily wounded.
The kobold hits you with a +0 short sword of holy wrath.
* * * LOW HITPOINT WARNING * * *
The kobold hits you with a +0 short sword of holy wrath.
You die...

#################
#...............#
#@#############.##
#K# #..... #r#
#.#.## #.# #.#.##
#.# #######.#.#.
#.# #.........#.##
#.# #.#.........##
... .............
..# #........#..


You could see a kobold and a rat.

Vanquished Creatures
  An endoplasm (D:1)
  A ball python (D:1)
2 creatures vanquished.

Notes
Turn   | Place    | Note
-------+----------+-------------------------------------------
     0 | D:1      | Froggeryz the Barachi Wanderer began the quest for the Orb.
     0 | D:1      | Froggeryz set off with the following items: a +0 club, a +0
                  | robe, a +0 kite shield; and the following spells available
                  | to memorise: Summon Small Mammal, Sting, Summon Guardian
                  | Golem, Ignite Poison
     0 | D:1      | Reached XP level 1. HP: 13/13 MP: 3/3
   345 | D:1      | Slain by a kobold

Illustrated notes

Levels and vault maps discovered:
D:1:      amcnicky_arrival_single_pillar, layout_basic,
          shapermc_ecumenical_altar_flowoftime, minmay_pentomino_v4

Action                   || total
-------------------------++-------
Melee: Unarmed           ||    15
Armor: Robe              ||     5
Dodge: Dodged            ||     3
Block: Kite shield       ||     5

Table legend: (Time is in decaauts)
 A = Elapsed time spent in this place.
 B = Non-inter-level travel time spent in this place.
 C = Inter-level travel time spent in this place.
 D = Time resting spent in this place.
 E = Time spent auto-exploring this place.
 F = Levels seen in this place.
 G = Mean time per level.
                   A        B        C        D        E       F      G
               +--------+--------+--------+--------+--------+-----+--------+
         Total |    363 |    363 |      0 |    189 |    142 |   1 |  363.0 |
       Dungeon |    363 |    363 |      0 |    189 |    142 |   1 |  363.0 |
               +--------+--------+--------+--------+--------+-----+--------+

Top non-repeatable levels by time:
     D:1: 363 daAuts
